 Seeded DCSS version 0.31-a0-339-gda1cbd555d (webtiles) character file.

Game seed: 14215367866634240820 (custom seed)

2647 innerfire43 the Cruncher (level 9, 0/65 HPs)
             Began as a Demonspawn Monk on July 20, 2023.
             Was a Believer of Qazlal.
             Slain by a yak (9 damage)
             ... on level 7 of the Dungeon.
             The game lasted 00:09:33 (6208 turns).

innerfire43 the Cruncher (Demonspawn Monk)          Turns: 6208, Time: 00:09:34

Health: 0/65       AC:  3    Str: 15    XL:     9   Next: 36%
Magic:  9/9        EV: 13    Int: 11    God:    Qazlal [**....]
Gold:   352        SH:  0    Dex: 17    Spells: 8/8 levels left

rFire   . . .        m - +5 lajatang (speed)
rCold   . . .        (shield currently unavailable)
rNeg    . . .        b - +0 robe
rPois   .            (helmet restricted)
rElec   .            (no cloak)
rCorr   +            (no gloves)
SInv    .            l - +0 pair of boots
Will    .....        (no amulet)
Stlth   +            v - ring of resist corrosion
HPRegen 0.30/turn    (no ring)
MPRegen 0.11/turn

%: no passive effects
@: confused, ambrosia-drunk
A: horns 1, large bone plates 1, demonic guardian 2, condensation shield
a: Renounce Religion, Upheaval


You were on level 7 of the Dungeon.
You worshipped Qazlal.
Qazlal was pleased with you.
You visited 2 branches of the dungeon, and saw 8 of its levels.
You also visited: Sewer.

You collected 352 gold pieces.

Inventory:

Hand Weapons
 m - a +5 lajatang of speed (weapon)
 o - a +0 war axe
Missiles
 g - 5 silver javelins (quivered)
Armour
 b - a +0 robe (worn)
 d - an orb of light
 l - a +0 pair of boots (worn)
 t - a +2 helmet
Jewellery
 v - a ring of resist corrosion (left hand)
 E - a ring of see invisible
 H - a ring of flight
Talismans
 z - a serpent talisman
Wands
 p - a wand of mindburst (19)
 q - a wand of roots (19)
 r - a wand of polymorph (13)
 y - a wand of quicksilver (17)
 D - a wand of paralysis (13)
Scrolls
 c - a scroll of fog
 f - 8 scrolls of identify {unknown}
 i - 4 scrolls of enchant armour {unknown}
 j - a scroll of amnesia {unknown}
 k - a scroll of teleportation {unknown}
 n - a scroll of torment {unknown}
 s - a scroll of blinking {unknown}
 A - 2 scrolls of vulnerability {unknown}
 C - a scroll of summoning {unknown}
 F - a scroll of fear {unknown}
Potions
 a - a potion of berserk rage {unknown}
 e - 3 potions of curing
 u - a potion of degeneration {unknown}
 w - a potion of lignification {unknown}
 x - a potion of attraction {unknown}
 B - a potion of haste {unknown}
 G - a potion of brilliance {unknown}


   Skills:
 - Level 4.1 Fighting
 - Level 4.2 Axes
 * Level 10.6 Staves
 - Level 3.6 Dodging


You had 8 spell levels left.
You didn't know any spells.
Your spell library contained the following spells:

 Spells                   Type           Power      Damage    Failure   Level
 Apportation              Tloc           0%         N/A       34%         1
 Necrotise                Necr           0%         1d4       34%         1
 Sandblast                Erth           0%         2d4       34%         1
 Summon Small Mammal      Summ           0%         N/A       34%         1
 Passwall                 Tmut/Erth      0%         N/A       47%         2
 Sublimation of Blood     Necr           0%         N/A       47%         2
 Gell's Gravitas          Tloc           0%         N/A       71%         3
 Stone Arrow              Conj/Erth      0%         3d7       71%         3
 Teleport Other           Tloc           0%         N/A       71%         3
 Petrify                  Tmut/Erth      0%         N/A       98%         4
 Irradiate                Conj/Tmut      0%         3d11      100%        5
 Dispersal                Tloc           0%         N/A       100%        6


Dungeon Overview and Level Annotations

Branches:
Dungeon (7/15)             Temple (1/1) D:7           Sewer (visited)

Altars:
Ashenzari
Cheibriados
Dithmenos
Fedhas
Gozag
Hepliaklqana
Makhleb
Okawaru
Qazlal
Sif Muna
Trog
Vehumet
Wu Jian
Xom

Shops:
D:4 [   D:5 *


Innate Abilities, Weirdness & Mutations

You have a pair of small horns on your head.
You are partially covered in large bone plates. (SH +4)
A demonic guardian rushes to your aid.
A meltable shield of frost defends you. (SH +4)


Message History

Qazlal accepts your kill.
The steam dragon scales are intact enough to wear.
Your life force feels restored.
You slash the yak! Your headbutt misses the yak.
The yak is moderately wounded.
Unknown command.
You slice the yak!! Your headbutt misses the yak.
The yak is almost dead.
You block the yak's attack. The yak gores you!
Unknown command.
You barely miss the yak. Your headbutt misses the yak.
The yak is almost dead.
Unknown command.
You hit the yak. Your headbutt misses the yak.
The yak is almost dead.
The yak is engulfed in blazing flames.
You kill the yak!
Qazlal accepts your kill. The yak gores you!
A demonic guardian appears!
The yak closely misses you.
Unknown command.
You barely miss the yak. The yak gores you. The yak gores you!
You block the yak's attack. The yak gores you!
* * * LOW HITPOINT WARNING * * *
Unknown command.
You are too injured to fight recklessly!
Unknown command.
You are too injured to fight recklessly!
You are confused.
You feel invigorated.
Your hellwing hits the yak. Your hellwing hits the yak! The yak gores you!
* * * LOW HITPOINT WARNING * * *
The yak closely misses you. The yak gores you but does no damage.
The yak barely misses you.
Unknown command.
You hit the yak. Your headbutt misses the yak.
The yak is lightly wounded.
Your hellwing hits the yak!
Your hellwing hits the yak but does no damage.
The yak gores your hellwing. The yak gores you!
You die...

. #.#[.# ..........#
..####'### ..........
..##.....# ..........
...#.⌠.⌠.######.........
...[..>..'...##.........
...#.⌠.[.###...4........
####.....# ####.YY...>.#
###'### #..Y...... #
#.[.# #.@Y...... .#
##.## #☼.$...... ... #.#
#......... #..# #.#
#......... #...###.#
###........# #.......#
#.........## ###[#..##
#.##..##### #....#
#.###.## #....#.## #.#
..#


You could see 4 yaks and a friendly hellwing (summoned).

Vanquished Creatures
  Pikel (D:7)
  A yak (D:7)
  A steam dragon (D:7)
  A water moccasin (D:5)
  Duvessa (D:7)
  Pargi (Sewer)
  A sky beast (D:5)
  2 black bears
  A phantom (D:5)
  3 scorpions
  8 wights (D:7)
  Dowan (D:7)
  5 hounds
  An orc priest (D:3)
  3 iguanas
  Ijyb (D:4)
  An orc wizard (D:6)
  4 gnolls (D:2)
  4 adders
  A white imp (D:6)
  2 worms
  2 dart slugs
  11 orcs
  9 ball pythons
  9 endoplasms
  8 giant cockroaches
  9 goblins
  6 hobgoblins
  6 jackals (D:1)
  8 kobolds
  10 quokkas
  5 bats
  6 frilled lizards
  4 rats
137 creatures vanquished.

Vanquished Creatures (collateral kills)
  A black bear (D:4)
  Terence (D:3)
  An orc (D:6)
  An endoplasm (D:3)
  A ball python (D:4)
5 creatures vanquished.

Grand Total: 142 creatures vanquished

Notes
Turn   | Place    | Note
-------+----------+-------------------------------------------
     0 | D:1      | innerfire43 the Demonspawn Monk began the quest for the
                  | Orb.
     0 | D:1      | Reached XP level 1. HP: 18/18 MP: 1/1
    57 | D:1      | Gained mutation: A weak demonic guardian rushes to your
                  | aid. [demonic ancestry]
    57 | D:1      | Reached XP level 2. HP: 12/24 MP: 2/2
   482 | D:1      | Reached XP level 3. HP: 29/29 MP: 3/3
  1149 | D:2      | Gained mutation: A demonic guardian rushes to your aid.
                  | [demonic ancestry]
  1149 | D:2      | Reached XP level 4. HP: 20/35 MP: 4/4
  1653 | D:3      | Noticed Terence
  1667 | D:3      | Killed Terence
  1668 | D:3      | Reached XP level 5. HP: 15/42 MP: 5/5
  2482 | D:3      | Identified a scroll of acquirement
  2482 | D:3      | Acquired a +3 lajatang of speed
  2613 | D:4      | Found Junwutirr's Armour Shoppe.
  2712 | D:4      | Found a glowing drain.
  2734 | Sewer    | Entered a sewer
  2773 | Sewer    | Noticed Pargi
  2781 | Sewer    | Killed Pargi
  2782 | Sewer    | Reached skill level 2 in Staves
  2782 | Sewer    | Reached XP level 6. HP: 29/48 MP: 6/6
  3074 | D:4      | Noticed Ijyb
  3083 | D:4      | Killed Ijyb
  3102 | D:4      | Reached skill level 3 in Staves
  3582 | D:4      | Reached skill level 4 in Staves
  3609 | D:4      | Gained mutation: A meltable shield of frost defends you.
                  | (SH +4) [demonic ancestry]
  3609 | D:4      | Reached XP level 7. HP: 44/54 MP: 7/7
  3971 | D:5      | Entered Level 5 of the Dungeon
  4023 | D:5      | Found Ucuimn's Serpentskin Sales.
  4042 | D:5      | Reached skill level 5 in Staves
  4297 | D:5      | Reached skill level 6 in Staves
  4724 | D:5      | Reached skill level 7 in Staves
  4724 | D:5      | Gained mutation: You are partially covered in large bone
                  | plates. (SH +4) [demonic ancestry]
  4724 | D:5      | Reached XP level 8. HP: 52/60 MP: 8/8
  5145 | D:6      | Identified the +1 long sword "Demon's Foe" {pain, *Slow
                  | rPois Str-4 Int+5}
  5609 | D:7      | Noticed Pikel
  5624 | D:7      | Killed Pikel
  5625 | D:7      | Reached skill level 9 in Staves
  5811 | D:7      | Found a staircase to the Ecumenical Temple.
  5815 | D:7      | Gained mutation: You have a pair of small horns on your
                  | head. [demonic ancestry]
  5815 | D:7      | Reached XP level 9. HP: 59/65 MP: 9/9
  5847 | D:7      | Noticed Dowan
  5848 | D:7      | Noticed Duvessa
  5853 | D:7      | Killed Duvessa
  5859 | D:7      | Killed Dowan
  6008 | D:7      | Reached skill level 10 in Staves
  6058 | Temple   | Entered the Ecumenical Temple
  6168 | Temple   | Became a worshipper of Qazlal Stormbringer
  6168 | Temple   | Reached * piety under Qazlal
  6168 | Temple   | Reached ** piety under Qazlal
  6206 | D:7      | HP: 2/65 [yak (10)]
  6208 | D:7      | Slain by a yak

Illustrated notes

Levels and vault maps discovered:
D:1:      dpeg_arrival_castle, layout_basic, serial_forest,
          infiniplex_forest_straight_2, infiniplex_forest_straight_3,
          infiniplex_forest_clump_double, infiniplex_forest_lined_1,
          infiniplex_forest_clump_small, infiniplex_forest_straight_2,
          infiniplex_forest_lined_3_way
D:2:      layout_rooms
D:3:      layout_basic, general_overflow_altar, uniq_terence
D:4:      minmay_chambers_of_fours, layout_loops_ring, gup_sewer_entry_pipe,
          serial_shops, shop, uniq_ijyb
D:5:      layout_basic, guppyfry_shop_venom
D:6:      layout_rooms
D:7:      layout_rooms, minmay_temple_entry_hall, serial_shops,
          nicolae_shop_overgrown_old_shop, uniq_pikel, uniq_maggie, uniq_duvessa
Temple:   nicolae_temple_elliptical

Skill      XL: |  1  2  3  4  5  6  7  8  9 |
---------------+----------------------------+-----
Axes           | 3 4 |  4.2
Dodging        | 3 |  3.6
Fighting       | 4 |  4.1
Staves         | 2 4 7 9 10 | 10.6

Action                     |  1- 3 |  4- 6 |  7- 9 || total
---------------------------+-------+-------+-------++-------
  Melee: Hand axe          |    87 |    64 |       ||   151
         Lajatang          |       |    99 |   173 ||   272
         War axe           |       |    18 |       ||    18
         Headbutt          |       |       |     8 ||     8
  Throw: Javelin           |     4 |     3 |       ||     7
    Use: Potion            |     1 |     1 |     2 ||     4
         Scroll            |       |     2 |     3 ||     5
   Stab: Sleeping          |       |     3 |       ||     3
         Distracted        |       |     1 |       ||     1
 Armour: Robe              |    16 |    29 |    26 ||    71
  Dodge: Dodged            |    89 |   106 |    62 ||   257
  Block: Other             |       |       |    27 ||    27

Table legend: (Time is in decaauts)
 A = Elapsed time spent in this place.
 B = Non-inter-level travel time spent in this place.
 C = Inter-level travel time spent in this place.
 D = Time resting spent in this place.
 E = Time spent auto-exploring this place.
 F = Levels seen in this place.
 G = Mean time per level.
                   A        B        C        D        E       F      G
               +--------+--------+--------+--------+--------+-----+--------+
         Total |   6181 |   5751 |    430 |      0 |   4792 |   9 |  686.8 |
       Dungeon |   5848 |   5541 |    307 |      0 |   4633 |   7 |  835.4 |
        Temple |    126 |      3 |    123 |      0 |      0 |   1 |  126.0 |
         Sewer |    206 |    206 |      0 |      0 |    159 |   1 |  206.0 |
               +--------+--------+--------+--------+--------+-----+--------+

Top non-repeatable levels by time:
     D:3: 1103 daAuts
     D:5: 1099 daAuts
     D:4: 1034 daAuts
     D:1: 1024 daAuts
     D:2: 627 daAuts
     D:6: 497 daAuts
     D:7: 461 daAuts
   Sewer: 206 daAuts
  Temple: 126 daAuts
